General information
- name: BNet
- type: Ladder team game (AT/RT)
- host: Battle.net
- saver: MsClausPlusNine
map: Friends
- players: 8
- length: 35:20
- speed: Fast
- version: 1.26 W3XP
- replay type:

» download(277 KB)
Players
team 1 (loser)
1nter (
teal | 43 APM | 1521 actions | 35:07)
6 Paladin
3 Holy Light
1 Devotion Aura
1 Divine Shield
1 Resurrection
» actions
| Assign group hotkey | 2 | |
| Basic commands | 9 | |
| Build / train | 86 | |
| Enter build submenu | 32 | |
| Enter hero's abilities submenu | 6 | |
| Remove unit from queue | 13 | |
| Right click | 621 | |
| Select / deselect | 636 | |
| Select group hotkey | 5 | |
| Use ability | 111 | |
1521 total
» units
| Peasant | 8 | |
| Rifleman | 5 | |
| Mortar Team | 5 | |
| Siege Engine | 10 | |
| Flying Machine | 9 | |
| Knight | 6 | |
43 total
» upgrades
| Gunpowder | 3 | |
| Armor | 1 | |
| Flak Cannons | 1 | |
| Flare | 1 | |
| Plating | 3 | |
| Flying Machine Bombs | 1 | |
10 total
» buildings
| Altar of Kings | 1 | |
| Farm | 15 | |
| Blacksmith | 1 | |
| Barracks | 3 | |
| Lumber Mill | 1 | |
| Keep | 2 | |
| Arcane Vault | 1 | |
| Workshop | 5 | |
| Castle | 1 | |
| Gryphon Aviary | 2 | |
32 total
» build order
00:23 Altar of Kings
00:28 Farm
00:41 Blacksmith
00:56 Barracks
01:05 Barracks
01:10 Farm
01:31 Barracks
02:02 Farm
02:24 Farm
02:38 Farm
02:39 Farm
02:43 Farm
03:05 Lumber Mill
04:09 Keep
04:41 Farm
05:15 Arcane Vault
05:33 Farm
06:08 Farm
06:27 Farm
06:35 Workshop
06:38 Workshop
06:41 Workshop
06:45 Workshop
06:50 Workshop
06:53 Farm
06:56 Farm
07:10 Farm
09:38 Castle
11:15 Gryphon Aviary
11:17 Gryphon Aviary
18:27 Farm
» items
| Lesser Clarity Potion | 3 | |
| Scroll of Regeneration | 3 | |
| Scroll of Town Portal | 3 | |
| Potion of Healing | 2 | |
| Potion of Mana | 1 | |
| Orb of Fire | 1 | |
| Staff of Sanctuary | 1 | |
14 total
lulusielutschen (
blue | 7 APM | 253 actions | 35:10)
1 Blademaster
1 Wind Walk
» actions
| Basic commands | 2 | |
| Build / train | 52 | |
| Enter build submenu | 21 | |
| Enter hero's abilities submenu | 1 | |
| Remove unit from queue | 4 | |
| Right click | 43 | |
| Select / deselect | 108 | |
| Use ability | 22 | |
253 total
» units
| Peon | 5 | |
| Grunt | 10 | |
| Spirit Walker | 4 | |
| Tauren | 19 | |
38 total
» upgrades
| Spirit Walker Training | 2 | |
| Pulverize | 1 | |
| Melee Weapons | 2 | |
5 total
» buildings
| Altar of Storms | 1 | |
| Orc Burrow | 9 | |
| Barracks | 2 | |
| Stronghold | 2 | |
| Fortress | 1 | |
| Spirit Lodge | 1 | |
| War Mill | 1 | |
| Tauren Totem | 2 | |
19 total
» build order
00:45 Altar of Storms
01:48 Orc Burrow
05:17 Barracks
05:22 Barracks
06:36 Orc Burrow
08:00 Orc Burrow
08:02 Orc Burrow
11:15 Stronghold
11:15 Stronghold
15:28 Fortress
15:34 Spirit Lodge
16:37 War Mill
16:42 Orc Burrow
16:44 Orc Burrow
18:23 Tauren Totem
18:28 Tauren Totem
21:25 Orc Burrow
21:28 Orc Burrow
24:28 Orc Burrow
lutschensielulu (
red | 6 APM | 202 actions | 35:13)
1 Blademaster
1 Wind Walk
» actions
| Build / train | 74 | |
| Enter build submenu | 14 | |
| Enter hero's abilities submenu | 1 | |
| Remove unit from queue | 2 | |
| Right click | 28 | |
| Select / deselect | 69 | |
| Use ability | 14 | |
202 total
» units
| Peon | 14 | |
| Grunt | 5 | |
| Shaman | 17 | |
| Troll Witch Doctor | 23 | |
59 total
» upgrades
| Shaman Training | 2 | |
| Witch Doctor Training | 2 | |
4 total
» buildings
| Altar of Storms | 1 | |
| Orc Burrow | 8 | |
| Barracks | 1 | |
| Stronghold | 3 | |
| Spirit Lodge | 3 | |
| Fortress | 4 | |
20 total
» build order
00:59 Altar of Storms
01:02 Orc Burrow
02:21 Barracks
06:44 Orc Burrow
07:42 Orc Burrow
11:19 Stronghold
11:19 Stronghold
15:13 Spirit Lodge
15:15 Spirit Lodge
15:19 Spirit Lodge
16:14 Orc Burrow
17:19 Orc Burrow
17:29 Orc Burrow
17:51 Fortress
17:52 Fortress
17:52 Fortress
18:47 Orc Burrow
22:35 Orc Burrow
Red(pl) (
pink | 25 APM | 895 actions | 35:17)
3 Warden
2 Shadow Strike
1 Blink
2 Blademaster
1 Critical Strike
1 Wind Walk
» actions
| Assign group hotkey | 2 | |
| Basic commands | 2 | |
| Build / train | 58 | |
| Enter build submenu | 24 | |
| Enter hero's abilities submenu | 5 | |
| Remove unit from queue | 1 | |
| Right click | 383 | |
| Select / deselect | 291 | |
| Select group hotkey | 54 | |
| Use ability | 75 | |
895 total
» units
| Wisp | 24 | |
| Glaive Thrower | 2 | |
| Chimaera | 16 | |
42 total
» upgrades
| Ultravision | 1 | |
| Strength of the Wild | 3 | |
| Reinforced Hides | 1 | |
| Corrosive Breath | 1 | |
6 total
» buildings
| Altar of Elders | 1 | |
| Moon Well | 9 | |
| Hunter's Hall | 2 | |
| Ancient of War | 3 | |
| Tree of Ages | 1 | |
| Tree of Eternity | 1 | |
| Ancient of Wind | 1 | |
| Chimaera Roost | 3 | |
21 total
» build order
00:26 Altar of Elders
00:30 Moon Well
02:39 Hunter's Hall
02:50 Ancient of War
07:24 Ancient of War
08:19 Ancient of War
08:26 Hunter's Hall
10:00 Moon Well
10:02 Moon Well
11:06 Tree of Ages
15:54 Tree of Eternity
15:58 Ancient of Wind
16:01 Moon Well
16:03 Moon Well
16:07 Moon Well
18:56 Chimaera Roost
19:00 Chimaera Roost
19:04 Chimaera Roost
20:43 Moon Well
20:45 Moon Well
23:37 Moon Well
team 2 (winner)
baby_in_pram (
yellow | 127 APM | 4476 actions | 35:18)
4 Blademaster
2 Wind Walk
2 Critical Strike
4 Shadow Hunter
2 Hex
2 Healing Wave
3 Tauren Chieftain
2 Shockwave
1 Endurance Aura
» actions
| Assign group hotkey | 258 | |
| Basic commands | 141 | |
| Build / train | 76 | |
| ESC pressed | 3 | |
| Enter build submenu | 148 | |
| Enter hero's abilities submenu | 13 | |
| Give item / drop item | 5 | |
| Right click | 2077 | |
| Select / deselect | 644 | |
| Select group hotkey | 814 | |
| Use ability | 296 | |
4476 total
» units
» upgrades
| Liquid Fire | 1 | |
| Ranged Weapons | 2 | |
| Reinforced Defenses | 1 | |
| Armor | 2 | |
| Spiked Barricades | 1 | |
7 total
» buildings
| Altar of Storms | 1 | |
| Orc Burrow | 4 | |
| War Mill | 3 | |
| Watch Tower | 107 | |
| Voodoo Lounge | 6 | |
| Stronghold | 3 | |
| Fortress | 2 | |
| Beastiary | 9 | |
| Great Hall | 1 | |
136 total
» build order
00:11 Altar of Storms
00:14 Orc Burrow
00:29 War Mill
00:31 War Mill
01:21 Orc Burrow
01:45 Watch Tower
01:48 Watch Tower
02:20 Watch Tower
02:52 Watch Tower
03:02 Watch Tower
03:20 Watch Tower
03:35 Watch Tower
03:38 Watch Tower
03:59 Watch Tower
04:00 Watch Tower
04:06 Watch Tower
04:08 Watch Tower
04:11 Voodoo Lounge
04:41 Watch Tower
04:44 Watch Tower
04:55 Watch Tower
05:28 Watch Tower
05:28 Watch Tower
05:38 Watch Tower
05:39 Watch Tower
05:41 Stronghold
05:41 Stronghold
06:15 Watch Tower
06:18 Watch Tower
06:22 Watch Tower
06:27 Orc Burrow
06:58 Watch Tower
06:58 Watch Tower
07:31 Watch Tower
07:40 Watch Tower
07:44 Watch Tower
07:53 Orc Burrow
08:16 Watch Tower
08:17 Watch Tower
09:03 Fortress
09:04 Fortress
09:11 Watch Tower
09:13 Watch Tower
09:33 Beastiary
09:35 Beastiary
10:19 Voodoo Lounge
10:22 Voodoo Lounge
10:34 Beastiary
10:39 Watch Tower
10:45 Watch Tower
10:49 Watch Tower
11:37 War Mill
11:42 Watch Tower
11:42 Watch Tower
11:43 Watch Tower
11:44 Watch Tower
12:23 Voodoo Lounge
12:27 Beastiary
12:32 Watch Tower
12:34 Watch Tower
12:37 Watch Tower
13:36 Watch Tower
14:40 Watch Tower
14:42 Watch Tower
14:51 Beastiary
14:57 Watch Tower
14:57 Watch Tower
14:58 Watch Tower
14:59 Watch Tower
15:17 Watch Tower
15:49 Voodoo Lounge
15:52 Voodoo Lounge
17:22 Great Hall
17:27 Watch Tower
17:28 Watch Tower
17:29 Watch Tower
17:30 Watch Tower
18:40 Watch Tower
18:41 Watch Tower
18:41 Watch Tower
18:42 Watch Tower
18:48 Watch Tower
18:50 Watch Tower
19:04 Watch Tower
19:05 Watch Tower
19:29 Watch Tower
19:30 Watch Tower
19:31 Watch Tower
19:32 Watch Tower
19:38 Watch Tower
19:39 Watch Tower
19:40 Watch Tower
19:41 Watch Tower
19:54 Watch Tower
19:55 Watch Tower
21:04 Watch Tower
21:05 Watch Tower
21:09 Watch Tower
21:09 Watch Tower
21:20 Watch Tower
21:21 Watch Tower
22:29 Watch Tower
22:30 Watch Tower
22:31 Watch Tower
22:32 Watch Tower
22:34 Watch Tower
22:36 Watch Tower
23:51 Watch Tower
23:52 Watch Tower
23:53 Watch Tower
23:54 Watch Tower
23:57 Watch Tower
23:58 Watch Tower
26:00 Watch Tower
26:01 Watch Tower
26:05 Watch Tower
26:06 Watch Tower
26:20 Watch Tower
26:21 Watch Tower
26:38 Beastiary
26:39 Beastiary
26:41 Beastiary
26:42 Beastiary
30:01 Watch Tower
30:02 Watch Tower
30:03 Watch Tower
30:03 Watch Tower
30:06 Watch Tower
30:07 Watch Tower
31:35 Watch Tower
31:36 Watch Tower
31:36 Watch Tower
31:37 Watch Tower
31:39 Watch Tower
31:39 Watch Tower
» items
| Healing Salve | 3 | |
| Lesser Clarity Potion | 3 | |
| Orb of Lightning | 1 | |
| Scroll of Town Portal | 1 | |
| Boots of Quel'Thalas +6 | 1 | |
9 total
iggyhailsthee (
orange | 117 APM | 4147 actions | 35:18)
4 Mountain King
2 Storm Bolt
2 Bash
4 Paladin
2 Holy Light
2 Divine Shield
4 Archmage
2 Blizzard
2 Brilliance Aura
» actions
| Assign group hotkey | 266 | |
| Basic commands | 71 | |
| Build / train | 125 | |
| Enter build submenu | 120 | |
| Enter hero's abilities submenu | 13 | |
| Give item / drop item | 1 | |
| Right click | 1820 | |
| Select / deselect | 403 | |
| Select group hotkey | 1019 | |
| Use ability | 309 | |
4147 total
» units
| Peasant | 22 | |
| Goblin Zeppelin | 2 | |
24 total
» upgrades
| Masonry | 3 | |
| Lumber Harvesting | 2 | |
| Magic Sentry | 1 | |
6 total
» buildings
| Altar of Kings | 1 | |
| Farm | 6 | |
| Lumber Mill | 1 | |
| Scout Tower | 150 | |
| Arcane Tower | 7 | |
| Guard Tower | 50 | |
| Arcane Vault | 12 | |
| Keep | 1 | |
| Castle | 1 | |
| Arcane Sanctum | 1 | |
| Town Hall | 1 | |
231 total
» build order
00:07 Altar of Kings
00:20 Farm
00:55 Lumber Mill
01:06 Scout Tower
01:14 Farm
01:34 Arcane Tower
01:36 Scout Tower
01:59 Farm
02:06 Scout Tower
02:19 Guard Tower
02:57 Guard Tower
03:19 Arcane Vault
03:30 Scout Tower
03:33 Scout Tower
04:12 Arcane Tower
04:13 Arcane Tower
04:15 Scout Tower
04:16 Scout Tower
04:20 Scout Tower
04:30 Farm
04:42 Guard Tower
04:43 Guard Tower
04:44 Scout Tower
04:45 Scout Tower
05:24 Keep
05:26 Guard Tower
05:28 Scout Tower
06:15 Scout Tower
06:16 Scout Tower
06:17 Scout Tower
06:24 Scout Tower
06:25 Scout Tower
06:35 Scout Tower
06:35 Scout Tower
06:36 Scout Tower
06:36 Scout Tower
06:39 Scout Tower
06:39 Scout Tower
06:41 Guard Tower
06:43 Arcane Tower
06:46 Guard Tower
06:47 Scout Tower
06:48 Scout Tower
06:52 Scout Tower
06:53 Scout Tower
06:56 Arcane Vault
07:24 Guard Tower
07:28 Scout Tower
07:29 Scout Tower
07:33 Guard Tower
07:36 Scout Tower
07:37 Scout Tower
07:43 Guard Tower
07:46 Scout Tower
08:43 Castle
08:46 Guard Tower
08:50 Guard Tower
08:50 Guard Tower
08:59 Guard Tower
09:03 Guard Tower
09:04 Guard Tower
09:14 Scout Tower
09:15 Scout Tower
09:16 Guard Tower
09:26 Scout Tower
09:42 Guard Tower
11:05 Arcane Vault
11:07 Scout Tower
11:09 Scout Tower
11:11 Scout Tower
11:17 Farm
11:20 Arcane Sanctum
11:28 Guard Tower
11:30 Scout Tower
11:31 Scout Tower
12:30 Guard Tower
12:33 Town Hall
12:44 Scout Tower
12:44 Scout Tower
12:57 Scout Tower
12:58 Scout Tower
13:04 Farm
15:09 Guard Tower
15:10 Scout Tower
15:11 Scout Tower
15:11 Scout Tower
15:12 Scout Tower
15:13 Scout Tower
15:13 Scout Tower
15:17 Guard Tower
15:20 Scout Tower
15:23 Scout Tower
15:24 Scout Tower
15:25 Scout Tower
15:27 Scout Tower
15:30 Arcane Tower
15:34 Scout Tower
15:50 Guard Tower
15:52 Arcane Vault
15:57 Arcane Vault
16:01 Arcane Vault
16:07 Arcane Tower
16:10 Arcane Vault
16:15 Arcane Vault
16:20 Scout Tower
16:22 Scout Tower
16:22 Scout Tower
16:24 Guard Tower
16:26 Scout Tower
16:26 Scout Tower
16:40 Scout Tower
16:42 Scout Tower
16:45 Scout Tower
16:46 Scout Tower
16:47 Scout Tower
16:48 Scout Tower
17:27 Guard Tower
17:30 Scout Tower
17:35 Guard Tower
17:37 Scout Tower
17:38 Scout Tower
17:39 Scout Tower
17:40 Scout Tower
17:41 Scout Tower
17:42 Scout Tower
18:17 Guard Tower
18:19 Scout Tower
18:27 Guard Tower
18:30 Scout Tower
18:30 Scout Tower
18:41 Guard Tower
18:43 Scout Tower
18:44 Scout Tower
19:30 Guard Tower
19:32 Guard Tower
19:33 Scout Tower
19:34 Scout Tower
19:36 Guard Tower
19:41 Scout Tower
19:42 Scout Tower
19:42 Scout Tower
19:43 Scout Tower
19:47 Arcane Tower
20:02 Guard Tower
20:05 Scout Tower
20:05 Scout Tower
20:06 Scout Tower
20:07 Scout Tower
21:06 Guard Tower
21:07 Scout Tower
21:08 Scout Tower
21:08 Scout Tower
21:09 Scout Tower
21:16 Arcane Vault
21:18 Arcane Vault
21:19 Scout Tower
21:20 Scout Tower
21:20 Scout Tower
21:21 Scout Tower
21:22 Scout Tower
21:22 Scout Tower
21:24 Guard Tower
21:40 Guard Tower
21:42 Scout Tower
21:43 Scout Tower
22:10 Guard Tower
22:42 Guard Tower
22:43 Scout Tower
22:44 Scout Tower
22:45 Scout Tower
22:45 Scout Tower
22:49 Scout Tower
22:51 Scout Tower
22:56 Guard Tower
22:58 Scout Tower
22:59 Scout Tower
23:02 Arcane Vault
23:59 Guard Tower
24:01 Scout Tower
24:01 Scout Tower
24:05 Arcane Vault
26:09 Scout Tower
26:10 Scout Tower
26:11 Scout Tower
26:13 Scout Tower
26:13 Scout Tower
26:13 Scout Tower
26:14 Scout Tower
26:15 Scout Tower
26:17 Guard Tower
26:20 Guard Tower
26:22 Scout Tower
26:23 Scout Tower
26:39 Scout Tower
26:40 Scout Tower
26:41 Guard Tower
26:47 Scout Tower
26:48 Scout Tower
26:51 Scout Tower
26:53 Scout Tower
26:55 Guard Tower
29:43 Guard Tower
30:27 Scout Tower
30:27 Scout Tower
30:28 Scout Tower
30:28 Scout Tower
30:29 Scout Tower
30:30 Scout Tower
30:30 Scout Tower
30:31 Scout Tower
30:32 Scout Tower
30:32 Scout Tower
30:33 Scout Tower
30:34 Scout Tower
30:40 Guard Tower
30:42 Scout Tower
31:25 Guard Tower
31:29 Scout Tower
31:30 Scout Tower
31:33 Scout Tower
31:34 Scout Tower
31:35 Scout Tower
31:39 Scout Tower
31:40 Scout Tower
31:41 Scout Tower
31:42 Scout Tower
31:43 Scout Tower
31:43 Scout Tower
33:41 Guard Tower
34:47 Guard Tower
» items
| Scroll of Regeneration | 4 | |
| Healing Salve | 2 | |
| Orb of Lightning | 3 | |
| Staff of Sanctuary | 3 | |
| Lesser Clarity Potion | 1 | |
| Scroll of Town Portal | 3 | |
| Boots of Quel'Thalas +6 | 1 | |
17 total
MsClausPlusNine (
purple | 113 APM | 3992 actions | 35:20)
4 Demon Hunter
2 Mana Burn
2 Evasion
4 Pandaren Brewmaster
2 Breath of Fire
2 Drunken Haze
3 Pit Lord
2 Rain of Fire
1 Cleaving Attack
» actions
| Assign group hotkey | 12 | |
| Basic commands | 17 | |
| Build / train | 81 | |
| Enter build submenu | 26 | |
| Enter hero's abilities submenu | 11 | |
| Give item / drop item | 5 | |
| Remove unit from queue | 8 | |
| Right click | 2672 | |
| Select / deselect | 487 | |
| Select group hotkey | 540 | |
| Use ability | 133 | |
3992 total
» units
» upgrades
» buildings
| Altar of Elders | 1 | |
| Moon Well | 26 | |
| Tree of Ages | 1 | |
| Tree of Life | 2 | |
| Tree of Eternity | 1 | |
| Ancient of Wonders | 1 | |
32 total
» build order
00:14 Altar of Elders
00:17 Moon Well
01:32 Moon Well
02:22 Moon Well
02:30 Moon Well
02:35 Moon Well
04:18 Moon Well
04:54 Moon Well
04:56 Moon Well
05:28 Moon Well
06:09 Tree of Ages
06:49 Tree of Life
08:12 Moon Well
08:13 Moon Well
08:55 Moon Well
10:20 Tree of Eternity
15:29 Ancient of Wonders
26:18 Tree of Life
32:20 Moon Well
32:21 Moon Well
32:29 Moon Well
32:30 Moon Well
32:31 Moon Well
32:32 Moon Well
32:33 Moon Well
32:33 Moon Well
32:41 Moon Well
32:41 Moon Well
32:43 Moon Well
32:46 Moon Well
32:46 Moon Well
32:48 Moon Well
» items
| Staff of Sanctuary | 3 | |
| Healing Salve | 3 | |
| Lesser Clarity Potion | 2 | |
| Orb of Lightning | 3 | |
| Robe of the Magi +6 | 1 | |
| Scourge Bone Chimes | 1 | |
| Sobi Mask | 1 | |
| Inferno Stone | 1 | |
| Scroll of Town Portal | 2 | |
| Potion of Healing | 1 | |
18 total
timg4strok (
green | 99 APM | 3513 actions | 35:18)
4 Archmage
2 Blizzard
2 Brilliance Aura
4 Mountain King
2 Storm Bolt
2 Bash
4 Paladin
2 Holy Light
1 Divine Shield
1 Devotion Aura
» actions
| Assign group hotkey | 6 | |
| Basic commands | 129 | |
| Build / train | 140 | |
| ESC pressed | 2 | |
| Enter build submenu | 171 | |
| Enter hero's abilities submenu | 12 | |
| Give item / drop item | 12 | |
| Right click | 1354 | |
| Select / deselect | 446 | |
| Select group hotkey | 812 | |
| Use ability | 429 | |
3513 total
» units
» upgrades
| Masonry | 3 | |
| Lumber Harvesting | 1 | |
| Magic Sentry | 1 | |
5 total
» buildings
| Altar of Kings | 1 | |
| Lumber Mill | 2 | |
| Farm | 5 | |
| Scout Tower | 291 | |
| Arcane Tower | 5 | |
| Guard Tower | 69 | |
| Keep | 1 | |
| Arcane Sanctum | 1 | |
| Town Hall | 1 | |
| Castle | 1 | |
| Arcane Vault | 5 | |
382 total
» build order
00:06 Altar of Kings
00:12 Lumber Mill
00:15 Farm
00:54 Farm
01:10 Scout Tower
01:38 Arcane Tower
01:40 Scout Tower
02:01 Scout Tower
02:07 Guard Tower
02:09 Scout Tower
02:36 Arcane Tower
02:59 Guard Tower
03:03 Scout Tower
03:10 Scout Tower
03:33 Scout Tower
03:34 Scout Tower
03:42 Guard Tower
04:49 Keep
04:55 Scout Tower
04:56 Scout Tower
05:02 Lumber Mill
05:10 Scout Tower
05:10 Scout Tower
05:11 Scout Tower
05:12 Scout Tower
05:13 Scout Tower
05:14 Scout Tower
05:26 Scout Tower
05:27 Scout Tower
05:39 Guard Tower
05:41 Scout Tower
05:42 Scout Tower
05:45 Guard Tower
06:06 Guard Tower
06:09 Guard Tower
06:17 Scout Tower
06:35 Guard Tower
06:38 Guard Tower
06:38 Guard Tower
06:41 Scout Tower
06:44 Scout Tower
06:44 Scout Tower
06:49 Scout Tower
06:50 Scout Tower
06:52 Scout Tower
06:53 Scout Tower
06:59 Scout Tower
07:02 Arcane Tower
07:07 Guard Tower
07:36 Farm
07:37 Farm
07:39 Farm
07:54 Guard Tower
07:54 Guard Tower
07:56 Guard Tower
08:18 Arcane Sanctum
08:56 Guard Tower
09:10 Guard Tower
09:36 Guard Tower
09:55 Guard Tower
09:56 Guard Tower
10:09 Scout Tower
10:10 Scout Tower
10:11 Scout Tower
10:25 Town Hall
10:39 Guard Tower
10:40 Guard Tower
10:41 Guard Tower
10:42 Scout Tower
10:43 Scout Tower
10:43 Scout Tower
11:06 Scout Tower
11:07 Scout Tower
11:08 Scout Tower
11:10 Scout Tower
11:11 Scout Tower
11:14 Scout Tower
11:18 Guard Tower
11:21 Castle
11:36 Guard Tower
11:37 Guard Tower
11:50 Scout Tower
11:52 Scout Tower
12:04 Guard Tower
12:07 Scout Tower
12:08 Scout Tower
12:08 Scout Tower
12:12 Scout Tower
12:12 Scout Tower
12:13 Scout Tower
12:35 Guard Tower
12:38 Scout Tower
12:39 Scout Tower
12:39 Scout Tower
12:40 Scout Tower
12:56 Guard Tower
13:03 Guard Tower
13:06 Scout Tower
13:06 Scout Tower
13:07 Scout Tower
13:08 Scout Tower
13:20 Scout Tower
13:20 Scout Tower
13:22 Guard Tower
13:36 Scout Tower
13:37 Scout Tower
13:37 Scout Tower
14:26 Guard Tower
14:30 Scout Tower
14:31 Scout Tower
14:32 Scout Tower
15:03 Guard Tower
15:12 Guard Tower
15:14 Scout Tower
15:15 Scout Tower
15:15 Scout Tower
15:16 Scout Tower
15:17 Scout Tower
15:22 Scout Tower
15:24 Scout Tower
15:25 Scout Tower
15:26 Scout Tower
15:26 Scout Tower
15:29 Arcane Tower
15:32 Scout Tower
15:37 Arcane Vault
15:38 Arcane Vault
16:06 Guard Tower
16:07 Scout Tower
16:07 Scout Tower
16:18 Guard Tower
16:21 Scout Tower
16:21 Scout Tower
16:22 Scout Tower
16:22 Scout Tower
16:23 Scout Tower
16:23 Scout Tower
16:24 Scout Tower
16:24 Scout Tower
16:28 Scout Tower
16:29 Scout Tower
16:30 Scout Tower
16:39 Guard Tower
16:55 Guard Tower
17:00 Guard Tower
17:05 Guard Tower
17:24 Scout Tower
17:25 Scout Tower
17:25 Scout Tower
17:26 Scout Tower
17:38 Guard Tower
17:39 Scout Tower
17:39 Scout Tower
17:40 Scout Tower
17:43 Scout Tower
17:44 Scout Tower
17:45 Scout Tower
18:34 Guard Tower
18:39 Scout Tower
18:40 Scout Tower
18:41 Scout Tower
18:42 Scout Tower
18:42 Scout Tower
18:43 Scout Tower
18:44 Scout Tower
18:44 Scout Tower
18:52 Guard Tower
18:53 Scout Tower
18:54 Scout Tower
18:54 Scout Tower
18:55 Scout Tower
18:56 Scout Tower
18:56 Scout Tower
19:01 Guard Tower
19:02 Scout Tower
19:03 Scout Tower
19:04 Scout Tower
19:05 Scout Tower
19:07 Arcane Vault
19:11 Arcane Vault
19:12 Arcane Vault
19:30 Scout Tower
19:31 Scout Tower
19:32 Scout Tower
19:32 Scout Tower
19:33 Scout Tower
19:33 Scout Tower
19:34 Scout Tower
19:34 Scout Tower
19:35 Scout Tower
19:36 Scout Tower
19:36 Scout Tower
19:37 Scout Tower
20:38 Guard Tower
20:42 Scout Tower
20:42 Scout Tower
20:43 Scout Tower
20:43 Scout Tower
20:44 Scout Tower
20:45 Scout Tower
20:45 Scout Tower
20:46 Scout Tower
20:51 Guard Tower
20:58 Guard Tower
21:06 Scout Tower
21:06 Scout Tower
21:07 Scout Tower
21:07 Scout Tower
21:08 Scout Tower
21:08 Scout Tower
21:09 Scout Tower
21:09 Scout Tower
21:54 Guard Tower
22:51 Guard Tower
22:52 Scout Tower
22:53 Scout Tower
22:54 Scout Tower
22:55 Scout Tower
22:55 Scout Tower
22:56 Scout Tower
22:57 Scout Tower
22:58 Scout Tower
23:12 Guard Tower
23:49 Scout Tower
23:50 Scout Tower
23:50 Scout Tower
23:51 Scout Tower
23:54 Guard Tower
24:25 Guard Tower
24:26 Scout Tower
24:27 Scout Tower
24:27 Scout Tower
24:29 Scout Tower
24:29 Scout Tower
24:31 Scout Tower
24:31 Scout Tower
24:32 Scout Tower
24:33 Scout Tower
24:34 Scout Tower
24:34 Scout Tower
24:35 Scout Tower
24:36 Scout Tower
24:36 Scout Tower
24:47 Guard Tower
24:48 Scout Tower
24:48 Scout Tower
24:49 Scout Tower
24:50 Scout Tower
24:51 Scout Tower
24:51 Scout Tower
25:04 Guard Tower
25:05 Scout Tower
25:06 Scout Tower
25:06 Scout Tower
25:08 Scout Tower
25:09 Scout Tower
25:10 Scout Tower
25:11 Scout Tower
25:11 Scout Tower
25:43 Guard Tower
25:47 Scout Tower
25:47 Scout Tower
25:51 Scout Tower
25:51 Scout Tower
25:52 Scout Tower
25:52 Scout Tower
25:55 Scout Tower
25:55 Scout Tower
25:56 Scout Tower
25:56 Scout Tower
25:58 Scout Tower
25:59 Guard Tower
26:00 Scout Tower
26:01 Scout Tower
26:01 Scout Tower
26:02 Scout Tower
26:03 Scout Tower
26:12 Guard Tower
26:14 Scout Tower
26:15 Scout Tower
26:15 Scout Tower
26:16 Scout Tower
26:27 Guard Tower
26:30 Scout Tower
26:31 Scout Tower
26:32 Scout Tower
26:33 Scout Tower
26:34 Scout Tower
26:35 Scout Tower
26:35 Scout Tower
26:36 Scout Tower
27:36 Guard Tower
27:45 Scout Tower
27:46 Scout Tower
27:47 Scout Tower
27:47 Scout Tower
27:47 Scout Tower
27:48 Scout Tower
27:49 Scout Tower
27:49 Scout Tower
27:50 Guard Tower
28:12 Guard Tower
28:13 Scout Tower
28:14 Scout Tower
28:15 Scout Tower
28:15 Scout Tower
30:23 Guard Tower
30:28 Scout Tower
30:29 Scout Tower
30:30 Scout Tower
30:30 Scout Tower
30:31 Scout Tower
30:33 Scout Tower
30:34 Scout Tower
30:35 Scout Tower
30:36 Scout Tower
30:42 Scout Tower
30:43 Scout Tower
30:44 Scout Tower
30:45 Scout Tower
30:46 Scout Tower
30:47 Scout Tower
30:48 Scout Tower
30:48 Scout Tower
30:49 Scout Tower
30:59 Guard Tower
31:16 Scout Tower
31:17 Scout Tower
31:18 Scout Tower
31:19 Scout Tower
31:23 Scout Tower
31:24 Scout Tower
31:24 Scout Tower
31:24 Scout Tower
31:28 Scout Tower
31:29 Scout Tower
31:30 Scout Tower
31:31 Scout Tower
31:32 Guard Tower
31:36 Guard Tower
31:37 Scout Tower
31:38 Scout Tower
31:39 Scout Tower
31:40 Scout Tower
32:06 Guard Tower
32:07 Scout Tower
32:07 Scout Tower
32:08 Scout Tower
32:08 Scout Tower
32:09 Scout Tower
32:09 Scout Tower
32:10 Scout Tower
32:58 Guard Tower
33:02 Scout Tower
33:02 Scout Tower
33:03 Scout Tower
33:04 Scout Tower
33:09 Guard Tower
33:11 Scout Tower
33:11 Scout Tower
33:12 Scout Tower
33:12 Scout Tower
33:25 Guard Tower
33:26 Scout Tower
33:27 Scout Tower
33:28 Scout Tower
33:28 Scout Tower
34:48 Guard Tower
34:55 Arcane Tower
34:58 Scout Tower
34:59 Scout Tower
35:00 Scout Tower
35:01 Scout Tower
35:02 Scout Tower
35:03 Scout Tower
35:04 Scout Tower
35:05 Scout Tower
35:06 Scout Tower
35:09 Scout Tower
35:10 Scout Tower
35:11 Scout Tower
35:11 Scout Tower
» items
| Scroll of Regeneration | 1 | |
| Healing Salve | 1 | |
| Lesser Clarity Potion | 2 | |
| Runed Bracers | 3 | |
| Sobi Mask | 2 | |
| Boots of Quel'Thalas +6 | 3 | |
| Staff of Sanctuary | 3 | |
| Orb of Lightning | 4 | |
| Inferno Stone | 1 | |
| Belt of Giant Strength +6 | 1 | |
| Scroll of Town Portal | 2 | |
23 total
Chat log
(00:31 / All) timg4strok: hi all gooooood luck
(00:36 / All) Red(pl): gl
(22:06 / All) iggyhailsthee: noobs?
(22:11 / All) 1nter: can u leave ?
(22:20 / All) MsClausPlusNine: ok
(22:25 / All) MsClausPlusNine: http://highper.ch/win
(22:25 / All) iggyhailsthee: we win lol
(22:26 / All) MsClausPlusNine: $3
(22:27 / All) iggyhailsthee: top newbies
(24:07 / All) MsClausPlusNine: hey
(24:09 / All) MsClausPlusNine: where are you all from
(24:20 / All) lulusielutschen: netherlands
(24:23 / All) MsClausPlusNine: cool!
(24:58 / All) MsClausPlusNine: how many people on your team
(25:01 / All) MsClausPlusNine: how many Humans
(25:05 / All) 1nter: 2 player
(25:11 / All) 1nter: 4 acc
(25:20 / All) iggyhailsthee: do you want the win?
(25:23 / All) 1nter: yes
(25:26 / All) MsClausPlusNine: aw cute
(25:27 / All) timg4strok: ok
(25:27 / All) iggyhailsthee: how much?
(25:29 / All) baby_in_pram: earn it
(29:09 / All) iggyhailsthee: ^try again!
(35:12 / All) MsClausPlusNine: goodbye
(35:17 / All) MsClausPlusNine: http://highper.ch